Lightning vs MapleLeafs

Created - October 11 2007 at 18:30

Goals
1 2 3 T
Lightning 1 2 2 5
MapleLeafs 0 2 2 4
Shots
1 2 3 T
Lightning 7 8 3 18
MapleLeafs 4 13 11 28

Period #1

1. Lightning , Vaclav Prospal 2 (Vincent Lecavalier, Cory Sarich) at 12:49 (PP)

Penalities :
Eric Lindros (TBL) for Holding (Minor) at 4:25, Dimitry Afanasenkov (TBL) for High sticking (Minor) at 9:43, Matt Stajan (TOR) for Hooking (Minor) at 11:43

Period #2

2. Lightning , Vaclav Prospal 3 (Eric Lindros, Vincent Lecavalier) at 1:09
3. Lightning , Vincent Lecavalier 4 (Vaclav Prospal, Eric Lindros) at 5:16 (PP)
4. MapleLeafs , Joni Pitkanen 3 (Jordan Staal, Ian White) at 9:25
5. MapleLeafs , Kimmo Timonen 2 (Henrik Zetterberg, Jeff O'Neill) at 19:23 (PP)

Penalities :
Joni Pitkanen (TOR) for Boarding (Minor) at 3:43, Chad Kilger (TOR) for Tripping (Minor) at 4:41, Ian Laperriere (TOR) for Hooking (Minor) at 7:00, Jaromir Jagr (TBL) for Hooking (Minor) at 11:17, Michael Peca (TOR) for Hooking (Minor) at 14:34, Tom Poti (TBL) for High sticking (Minor) at 17:40

Period #3

6. Lightning , Vincent Lecavalier 5 (Eric Lindros, Ed Jovanovski) at 0:48
7. MapleLeafs , Matt Stajan 1 (Chad Kilger) at 0:58
8. Lightning , Jaromir Jagr 4 (Mats Sundin, Chris Phillips) at 15:22 (PP)
9. MapleLeafs , Jason Arnott 3 (Henrik Zetterberg) at 16:57

Penalities :
Chris Phillips (TBL) for Roughing (Minor) at 6:33, Eric Lindros (TBL) for Hooking (Minor) at 8:09, Alexander Steen (TOR) for Tripping (Minor) at 13:38

Goalie Stats

Martin Gerber (TBL), 24 saves from 28 shots - (0.857), W, 1-1-1, 60:00 minutes
Andrew Raycroft (TOR), 13 saves from 18 shots - (0.722), L, 2-5-0, 59:18 minutes

Players Stats

Lightning
Player Name              G  A  P  +/- PIM S  H  SB FO MP 
-----------------------------------------------------------
Antti Laaksonen          0  0  0   0  0   0  1  0  0  4  
Brad Richards            0  0  0   0  0   1  2  0  1  19 
Carlo Colaiacovo         0  0  0   0  0   0  0  0  0  1  
Chris Phillips           0  1  1   0  2   1  1  1  0  23 
Cory Sarich              0  1  1   1  0   2  1  1  0  22 
Dimitry Afanasenkov      0  0  0   0  2   0  0  0  1  5  
Ed Jovanovski            0  1  1   1  0   1  2  0  0  20 
Eric Brewer              0  0  0  -2  0   0  4  1  0  20 
Eric Lindros             0  3  3   1  4   0  2  0  23 20 
Jaromir Jagr             1  0  1   0  2   4  2  0  1  20 
Jay Pandolfo             0  0  0  -2  0   0  0  1  0  17 
Mats Sundin              0  1  1   0  0   2  0  0  17 18 
Nolan Pratt              0  0  0  -2  0   0  1  1  0  16 
Ruslan Fedotenko         0  0  0  -2  0   1  1  1  1  17 
Tim Taylor               0  0  0  -2  0   0  0  0  28 20 
Tom Poti                 0  0  0   0  2   0  1  2  0  24 
Vaclav Prospal           2  1  3   1  0   2  0  0  2  17 
Vincent Lecavalier       2  2  4   1  0   4  1  0  4  20 
MapleLeafs
Player Name              G  A  P  +/- PIM S  H  SB FO MP 
-----------------------------------------------------------
Alexander Steen          0  0  0   1  2   2  2  0  0  17 
Alexandre R.Picard       0  0  0   0  0   0  0  0  0  12 
Alexei Ponikarovsky      0  0  0   0  0   1  0  0  0  9  
Andreas Lilja            0  0  0   1  0   0  0  1  0  19 
Brenden Morrow           0  0  0   0  0   0  6  0  2  20 
Chad Kilger              0  1  1   1  2   2  4  0  0  17 
Fedor Tyutin             0  0  0   1  0   0  0  0  0  13 
Henrik Zetterberg        0  2  2   0  0   2  2  0  4  20 
Ian Laperriere           0  0  0   0  2   2  3  0  0  18 
Ian White                0  1  1   0  0   0  0  1  0  14 
Jason Arnott             1  0  1   0  0   4  1  1  22 17 
Jeff O'Neill             0  1  1   0  0   2  2  0  0  16 
Joni Pitkanen            1  0  1   0  2   2  1  0  0  21 
Jordan Staal             0  1  1   0  0   5  0  0  23 18 
Kimmo Timonen            1  0  1   0  0   1  0  0  0  24 
Matt Stajan              1  0  1   1  2   3  5  1  14 18 
Michael Peca             0  0  0   0  2   0  0  0  13 10 
Paul Ranger              0  0  0   0  0   2  0  1  0  22 

3 Stars

1 - Vincent Lecavalier (TBL)
2 - Vaclav Prospal (TBL)
3 - Eric Lindros (TBL)

Power Play

Lightning - 3 on 6 Attempt(s) - 50.00%
MapleLeafs - 1 on 6 Attempt(s) - 16.67%

Penalty Kill

Lightning - 5 on 6 Attempt(s) - 83.33% - Score 0 goal in Penalty Kill
MapleLeafs - 3 on 6 Attempt(s) - 50.00% - Score 0 goal in Penalty Kill

Game Notes

No Game Note

Finance

Level 1 -- Attendance: 3767 (62.79%) -- Ticket Income $357,865.00
Level 2 -- Attendance: 3467 (77.04%) -- Ticket Income $173,350.00
Level 3 -- Attendance: 2196 (83.85%) -- Ticket Income $65,880.00
Level 4 -- Attendance: 3889 (92.59%) -- Ticket Income $58,335.00
Luxury Box -- Attendance: 701 (46.74%) -- Ticket Income $210,300.00
Game was played at the Air Canada Center
Total Attendance: 14020 (74.50%)
Total Ticket Income: $880,582.20
Other Income: $153,525.30
Total Income: $1,034,107.00


Play by Play

Period #1

0:01 of 1st period - Jason Arnott wins face-off versus Mats Sundin in neutral zone.
0:01 of 1st period - Jason Arnott is hit by Brad Richards.
0:28 of 1st period - Shot by Mats Sundin.
0:28 of 1st period - Shot Blocked by Jason Arnott.
0:30 of 1st period - Shot by Mats Sundin.
0:30 of 1st period - Deflect By Brad Richards.
0:30 of 1st period - Stopped by Andrew Raycroft without a rebound.
0:31 of 1st period - Jordan Staal wins face-off versus Eric Lindros in MapleLeafs zone.
1:05 of 1st period - Shot by Vincent Lecavalier.
1:05 of 1st period - Deflect By Vaclav Prospal.
1:05 of 1st period - Shot Blocked by Ian White.
2:05 of 1st period - Alexander Steen is hit by Chris Phillips and loses puck.
2:10 of 1st period - Shot by Chad Kilger.
2:10 of 1st period - Shot Misses the Net.
2:12 of 1st period - Shot by Chad Kilger.
2:12 of 1st period - Shot Misses the Net.
2:29 of 1st period - Brad Richards is hit by Henrik Zetterberg and loses puck.
2:35 of 1st period - Icing by Henrik Zetterberg.
2:36 of 1st period - Jason Arnott wins face-off versus Tim Taylor in MapleLeafs zone.
3:53 of 1st period - Brad Richards is hit by Brenden Morrow and loses puck.
4:24 of 1st period - Shot by Vincent Lecavalier.
4:24 of 1st period - Shot Misses the Net.
4:25 of 1st period - Minor Penalty to Eric Lindros for Holding.
4:26 of 1st period - Dimitry Afanasenkov wins face-off versus Jason Arnott in MapleLeafs zone.
4:51 of 1st period - Shot by Jeff O'Neill.
4:51 of 1st period - Stopped by Martin Gerber without a rebound.
4:52 of 1st period - Tim Taylor wins face-off versus Jordan Staal in Lightning zone.
5:07 of 1st period - Shot by Jordan Staal.
5:07 of 1st period - Stopped by Martin Gerber without a rebound.
5:08 of 1st period - Jason Arnott wins face-off versus Tim Taylor in Lightning zone.
7:31 of 1st period - Shot by Ian Laperriere.
7:31 of 1st period - Shot Misses the Net.
8:36 of 1st period - Henrik Zetterberg is hit by Eric Brewer and loses puck.
8:44 of 1st period - Matt Stajan is hit by Eric Brewer and loses puck.
9:06 of 1st period - Brenden Morrow is hit by Eric Brewer and loses puck.
9:35 of 1st period - Ian Laperriere is hit by Eric Brewer and loses puck.
9:43 of 1st period - Minor Penalty to Dimitry Afanasenkov for High sticking.
9:44 of 1st period - Eric Lindros wins face-off versus Jason Arnott in neutral zone.
10:42 of 1st period - Alexei Ponikarovsky is hit by Nolan Pratt and loses puck.
11:13 of 1st period - Shot by Jason Arnott.
11:13 of 1st period - Shot Misses the Net.
11:37 of 1st period - Jay Pandolfo is hit by Jeff O'Neill and loses puck.
11:43 of 1st period - Minor Penalty to Matt Stajan for Hooking.
11:44 of 1st period - Michael Peca wins face-off versus Mats Sundin in Lightning zone.
11:47 of 1st period - Shot by Brenden Morrow.
11:47 of 1st period - Shot Misses the Net.
12:49 of 1st period - Shot by Vaclav Prospal.
12:49 of 1st period - Goal by Vaclav Prospal - Lightning : 1 - MapleLeafs : 0.
12:50 of 1st period - Tim Taylor wins face-off versus Jordan Staal in neutral zone.
13:22 of 1st period - Ruslan Fedotenko is hit by Brenden Morrow and loses puck.
13:30 of 1st period - Icing by Nolan Pratt.
13:31 of 1st period - Michael Peca wins face-off versus Tim Taylor in Lightning zone.
14:23 of 1st period - Shot by Matt Stajan.
14:23 of 1st period - Shot Misses the Net.
14:50 of 1st period - Off-side.
14:51 of 1st period - Mats Sundin wins face-off versus Jason Arnott in neutral zone.
15:00 of 1st period - Shot by Brad Richards.
15:00 of 1st period - Shot Misses the Net.
15:02 of 1st period - Shot by Chris Phillips.
15:02 of 1st period - Shot Blocked by Paul Ranger.
15:04 of 1st period - Shot by Jaromir Jagr.
15:04 of 1st period - Stopped by Andrew Raycroft with a rebound.
15:08 of 1st period - Shot by Mats Sundin.
15:08 of 1st period - Shot Misses the Net.
15:10 of 1st period - Shot by Jaromir Jagr.
15:10 of 1st period - Stopped by Andrew Raycroft with a rebound.
15:12 of 1st period - Shot by Mats Sundin.
15:12 of 1st period - Shot Misses the Net.
15:16 of 1st period - Shot by Jaromir Jagr.
15:16 of 1st period - Shot Misses the Net.
15:20 of 1st period - Shot by Jaromir Jagr.
15:20 of 1st period - Deflect By Mats Sundin.
15:20 of 1st period - Stopped by Andrew Raycroft without a rebound.
15:21 of 1st period - Tim Taylor wins face-off versus Jordan Staal in MapleLeafs zone.
15:49 of 1st period - Icing by Tom Poti.
15:50 of 1st period - Matt Stajan wins face-off versus Tim Taylor in Lightning zone.
16:01 of 1st period - Shot by Chad Kilger.
16:01 of 1st period - Shot Blocked by Tom Poti.
16:03 of 1st period - Shot by Matt Stajan.
16:03 of 1st period - Stopped by Martin Gerber without a rebound.
16:04 of 1st period - Vaclav Prospal wins face-off versus Jason Arnott in Lightning zone.
16:09 of 1st period - Shot by Vincent Lecavalier.
16:09 of 1st period - Stopped by Andrew Raycroft without a rebound.
16:10 of 1st period - Henrik Zetterberg wins face-off versus Eric Lindros in MapleLeafs zone.
17:41 of 1st period - Shot by Ruslan Fedotenko.
17:41 of 1st period - Shot Misses the Net.
17:45 of 1st period - Shot by Ruslan Fedotenko.
17:45 of 1st period - Stopped by Andrew Raycroft without a rebound.
17:46 of 1st period - Jordan Staal wins face-off versus Ruslan Fedotenko in MapleLeafs zone.
18:08 of 1st period - Jay Pandolfo is hit by Ian Laperriere and loses puck.
18:33 of 1st period - Ruslan Fedotenko is hit by Brenden Morrow and loses puck.
18:50 of 1st period - Eric Brewer is hit by Matt Stajan and loses puck.
18:55 of 1st period - Shot by Alexander Steen.
18:55 of 1st period - Stopped by Martin Gerber without a rebound.
18:56 of 1st period - Eric Lindros wins face-off versus Matt Stajan in Lightning zone.
18:56 of 1st period - Eric Lindros is hit by Chad Kilger.
19:40 of 1st period - Shot by Eric Lindros.
19:40 of 1st period - Shot Blocked by Matt Stajan.

Period #2

0:01 of 2nd period - Mats Sundin wins face-off versus Jason Arnott in neutral zone.
0:27 of 2nd period - Shot by Mats Sundin.
0:27 of 2nd period - Shot Misses the Net.
1:09 of 2nd period - Shot by Vaclav Prospal.
1:09 of 2nd period - Goal by Vaclav Prospal - Lightning : 2 - MapleLeafs : 0.
1:10 of 2nd period - Jordan Staal wins face-off versus Tim Taylor in neutral zone.
1:13 of 2nd period - Shot by Ian Laperriere.
1:13 of 2nd period - Stopped by Martin Gerber with a rebound.
1:15 of 2nd period - Shot by Jordan Staal.
1:15 of 2nd period - Stopped by Martin Gerber with a rebound.
1:17 of 2nd period - Shot by Ian Laperriere.
1:17 of 2nd period - Stopped by Martin Gerber without a rebound.
1:18 of 2nd period - Tim Taylor wins face-off versus Matt Stajan in Lightning zone.
1:20 of 2nd period - Jay Pandolfo is hit by Alexander Steen and loses puck.
1:33 of 2nd period - Shot by Matt Stajan.
1:33 of 2nd period - Shot Blocked by Ruslan Fedotenko.
1:35 of 2nd period - Shot by Andreas Lilja.
1:35 of 2nd period - Shot Misses the Net.
2:21 of 2nd period - Icing by Jay Pandolfo.
2:22 of 2nd period - Michael Peca wins face-off versus Tim Taylor in Lightning zone.
2:23 of 2nd period - Shot by Alexei Ponikarovsky.
2:23 of 2nd period - Shot Misses the Net.
2:35 of 2nd period - Shot by Alexei Ponikarovsky.
2:35 of 2nd period - Shot Misses the Net.
2:42 of 2nd period - Shot by Alexei Ponikarovsky.
2:42 of 2nd period - Shot Blocked by Eric Brewer.
2:44 of 2nd period - Shot by Alexei Ponikarovsky.
2:44 of 2nd period - Stopped by Martin Gerber without a rebound.
2:45 of 2nd period - Brad Richards wins face-off versus Jordan Staal in Lightning zone.
2:45 of 2nd period - Brad Richards is hit by Ian Laperriere.
3:07 of 2nd period - Jaromir Jagr is hit by Brenden Morrow and loses puck.
3:12 of 2nd period - Shot by Ian Laperriere.
3:12 of 2nd period - Shot Misses the Net.
3:32 of 2nd period - Icing by Joni Pitkanen.
3:33 of 2nd period - Jordan Staal wins face-off versus Eric Lindros in MapleLeafs zone.
3:43 of 2nd period - Minor Penalty to Joni Pitkanen for Boarding.
3:44 of 2nd period - Matt Stajan wins face-off versus Eric Lindros in MapleLeafs zone.
3:44 of 2nd period - Matt Stajan is hit by Eric Lindros.
3:57 of 2nd period - Vincent Lecavalier is hit by Chad Kilger and loses puck.
4:04 of 2nd period - Shot by Vincent Lecavalier.
4:04 of 2nd period - Stopped by Andrew Raycroft without a rebound.
4:05 of 2nd period - Michael Peca wins face-off versus Mats Sundin in MapleLeafs zone.
4:41 of 2nd period - Minor Penalty to Chad Kilger for Tripping.
4:42 of 2nd period - Michael Peca wins face-off versus Eric Lindros in MapleLeafs zone.
5:14 of 2nd period - Shot by Vincent Lecavalier.
5:14 of 2nd period - Shot Hit the Post.
5:16 of 2nd period - Shot by Vincent Lecavalier.
5:16 of 2nd period - Goal by Vincent Lecavalier - Lightning : 3 - MapleLeafs : 0.
5:17 of 2nd period - Michael Peca wins face-off versus Mats Sundin in neutral zone.
6:10 of 2nd period - Henrik Zetterberg is hit by Eric Lindros and loses puck.
7:00 of 2nd period - Minor Penalty to Ian Laperriere for Hooking.
7:01 of 2nd period - Mats Sundin wins face-off versus Matt Stajan in Lightning zone.
7:33 of 2nd period - Icing by Jaromir Jagr.
7:34 of 2nd period - Michael Peca wins face-off versus Jaromir Jagr in Lightning zone.
8:07 of 2nd period - Icing by Cory Sarich.
8:08 of 2nd period - Eric Lindros wins face-off versus Michael Peca in Lightning zone.
9:11 of 2nd period - Shot by Brenden Morrow.
9:11 of 2nd period - Shot Misses the Net.
9:13 of 2nd period - Shot by Ian Laperriere.
9:13 of 2nd period - Shot Blocked by Nolan Pratt.
9:15 of 2nd period - Shot by Ian White.
9:15 of 2nd period - Shot Misses the Net.
9:17 of 2nd period - Shot by Jordan Staal.
9:17 of 2nd period - Stopped by Martin Gerber with a rebound.
9:19 of 2nd period - Shot by Jordan Staal.
9:19 of 2nd period - Shot Blocked by Jay Pandolfo.
9:23 of 2nd period - Shot by Jordan Staal.
9:23 of 2nd period - Shot Misses the Net.
9:25 of 2nd period - Shot by Joni Pitkanen.
9:25 of 2nd period - Goal by Joni Pitkanen - Lightning : 3 - MapleLeafs : 1.
9:26 of 2nd period - Jason Arnott wins face-off versus Tim Taylor in neutral zone.
9:35 of 2nd period - Jeff O'Neill is hit by Antti Laaksonen and loses puck.
9:46 of 2nd period - Shot by Dimitry Afanasenkov.
9:46 of 2nd period - Shot Misses the Net.
10:22 of 2nd period - Shot by Jaromir Jagr.
10:22 of 2nd period - Shot Blocked by Andreas Lilja.
10:31 of 2nd period - Mats Sundin is hit by Chad Kilger and loses puck.
11:09 of 2nd period - Ed Jovanovski is hit by Joni Pitkanen and loses puck.
11:15 of 2nd period - Brenden Morrow is hit by Ed Jovanovski and loses puck.
11:17 of 2nd period - Minor Penalty to Jaromir Jagr for Hooking.
11:18 of 2nd period - Eric Lindros wins face-off versus Jason Arnott in neutral zone.
11:45 of 2nd period - Shot by Jason Arnott.
11:45 of 2nd period - Shot Blocked by Tom Poti.
11:47 of 2nd period - Shot by Jason Arnott.
11:47 of 2nd period - Shot Misses the Net.
11:49 of 2nd period - Shot by Henrik Zetterberg.
11:49 of 2nd period - Shot Misses the Net.
12:06 of 2nd period - Off-side.
12:07 of 2nd period - Jordan Staal wins face-off versus Tim Taylor in neutral zone.
12:32 of 2nd period - Shot by Paul Ranger.
12:32 of 2nd period - Stopped by Martin Gerber without a rebound.
12:33 of 2nd period - Jason Arnott wins face-off versus Tim Taylor in Lightning zone.
12:34 of 2nd period - Shot by Henrik Zetterberg.
12:34 of 2nd period - Stopped by Martin Gerber with a rebound.
12:36 of 2nd period - Shot by Kimmo Timonen.
12:36 of 2nd period - Shot Misses the Net.
12:38 of 2nd period - Shot by Henrik Zetterberg.
12:38 of 2nd period - Shot Misses the Net.
12:40 of 2nd period - Shot by Jason Arnott.
12:40 of 2nd period - Deflect By Henrik Zetterberg.
12:40 of 2nd period - Shot Misses the Net.
12:42 of 2nd period - Shot by Jeff O'Neill.
12:42 of 2nd period - Stopped by Martin Gerber without a rebound.
12:43 of 2nd period - Tim Taylor wins face-off versus Jordan Staal in Lightning zone.
12:56 of 2nd period - Shot by Alexander Steen.
12:56 of 2nd period - Stopped by Martin Gerber without a rebound.
12:57 of 2nd period - Jason Arnott wins face-off versus Tim Taylor in Lightning zone.
13:25 of 2nd period - Mats Sundin is hit by Alexander Steen and loses puck.
13:31 of 2nd period - Brad Richards is hit by Matt Stajan and loses puck.
13:41 of 2nd period - Icing by Alexander Steen.
13:42 of 2nd period - Tim Taylor wins face-off versus Matt Stajan in MapleLeafs zone.
13:42 of 2nd period - Tim Taylor is hit by Matt Stajan.
13:45 of 2nd period - Ruslan Fedotenko is hit by Matt Stajan and loses puck.
14:34 of 2nd period - Minor Penalty to Michael Peca for Hooking.
14:35 of 2nd period - Eric Lindros wins face-off versus Brenden Morrow in Lightning zone.
14:35 of 2nd period - Eric Lindros is hit by Henrik Zetterberg.
14:55 of 2nd period - Shot by Cory Sarich.
14:55 of 2nd period - Stopped by Andrew Raycroft without a rebound.
14:56 of 2nd period - Mats Sundin wins face-off versus Henrik Zetterberg in MapleLeafs zone.
15:08 of 2nd period - Shot by Chris Phillips.
15:08 of 2nd period - Stopped by Andrew Raycroft without a rebound.
15:09 of 2nd period - Jason Arnott wins face-off versus Eric Lindros in MapleLeafs zone.
15:20 of 2nd period - Vincent Lecavalier is hit by Jason Arnott and loses puck.
15:35 of 2nd period - Shot by Cory Sarich.
15:35 of 2nd period - Stopped by Andrew Raycroft without a rebound.
15:36 of 2nd period - Mats Sundin wins face-off versus Matt Stajan in MapleLeafs zone.
15:55 of 2nd period - Shot by Jaromir Jagr.
15:55 of 2nd period - Stopped by Andrew Raycroft without a rebound.
15:56 of 2nd period - Henrik Zetterberg wins face-off versus Eric Lindros in MapleLeafs zone.
16:18 of 2nd period - Icing by Cory Sarich.
16:19 of 2nd period - Eric Lindros wins face-off versus Henrik Zetterberg in Lightning zone.
16:26 of 2nd period - Shot by Cory Sarich.
16:26 of 2nd period - Shot Misses the Net.
16:28 of 2nd period - Shot by Ed Jovanovski.
16:28 of 2nd period - Stopped by Andrew Raycroft with a rebound.
17:08 of 2nd period - Ruslan Fedotenko is hit by Ian Laperriere and loses puck.
17:40 of 2nd period - Minor Penalty to Tom Poti for High sticking.
17:41 of 2nd period - Vincent Lecavalier wins face-off versus Jason Arnott in Lightning zone.
17:41 of 2nd period - Ed Jovanovski is hit by Jeff O'Neill and loses puck.
18:22 of 2nd period - Shot by Jason Arnott.
18:22 of 2nd period - Stopped by Martin Gerber without a rebound.
18:23 of 2nd period - Eric Lindros wins face-off versus Jordan Staal in Lightning zone.
18:23 of 2nd period - Eric Lindros is hit by Brenden Morrow.
19:19 of 2nd period - Shot by Jeff O'Neill.
19:19 of 2nd period - Shot Misses the Net.
19:21 of 2nd period - Shot by Henrik Zetterberg.
19:21 of 2nd period - Shot Misses the Net.
19:23 of 2nd period - Shot by Kimmo Timonen.
19:23 of 2nd period - Goal by Kimmo Timonen - Lightning : 3 - MapleLeafs : 2.
19:24 of 2nd period - Mats Sundin wins face-off versus Matt Stajan in neutral zone.
19:57 of 2nd period - Shot by Chad Kilger.
19:57 of 2nd period - Stopped by Martin Gerber without a rebound.
19:58 of 2nd period - Eric Lindros wins face-off versus Jordan Staal in Lightning zone.
19:58 of 2nd period - Eric Lindros is hit by Brenden Morrow.

Period #3

0:01 of 3rd period - Jason Arnott wins face-off versus Mats Sundin in neutral zone.
0:09 of 3rd period - Henrik Zetterberg is hit by Jaromir Jagr and loses puck.
0:34 of 3rd period - Shot by Jason Arnott.
0:34 of 3rd period - Stopped by Martin Gerber without a rebound.
0:35 of 3rd period - Jordan Staal wins face-off versus Eric Lindros in Lightning zone.
0:38 of 3rd period - Shot by Brenden Morrow.
0:38 of 3rd period - Deflect By Jordan Staal.
0:38 of 3rd period - Stopped by Martin Gerber with a rebound.
0:48 of 3rd period - Shot by Vincent Lecavalier.
0:48 of 3rd period - Goal by Vincent Lecavalier - Lightning : 4 - MapleLeafs : 2.
0:49 of 3rd period - Matt Stajan wins face-off versus Tim Taylor in neutral zone.
0:58 of 3rd period - Shot by Matt Stajan.
0:58 of 3rd period - Goal by Matt Stajan - Lightning : 4 - MapleLeafs : 3.
0:59 of 3rd period - Eric Lindros wins face-off versus Jordan Staal in neutral zone.
2:22 of 3rd period - Shot by Henrik Zetterberg.
2:22 of 3rd period - Stopped by Martin Gerber without a rebound.
2:23 of 3rd period - Tim Taylor wins face-off versus Matt Stajan in Lightning zone.
3:02 of 3rd period - Icing by Nolan Pratt.
3:03 of 3rd period - Tim Taylor wins face-off versus Michael Peca in Lightning zone.
3:05 of 3rd period - Icing by Eric Brewer.
3:06 of 3rd period - Michael Peca wins face-off versus Tim Taylor in Lightning zone.
4:24 of 3rd period - Shot by Chad Kilger.
4:24 of 3rd period - Shot Misses the Net.
4:26 of 3rd period - Shot by Chad Kilger.
4:26 of 3rd period - Stopped by Martin Gerber without a rebound.
4:27 of 3rd period - Jordan Staal wins face-off versus Eric Lindros in Lightning zone.
4:27 of 3rd period - Jordan Staal is hit by Ed Jovanovski.
4:29 of 3rd period - Shot by Ian Laperriere.
4:29 of 3rd period - Shot Misses the Net.
4:38 of 3rd period - Off-side.
4:39 of 3rd period - Tim Taylor wins face-off versus Jason Arnott in neutral zone.
4:42 of 3rd period - Paul Ranger is hit by Ruslan Fedotenko and loses puck.
5:32 of 3rd period - Henrik Zetterberg is hit by Cory Sarich and loses puck.
5:53 of 3rd period - Shot by Matt Stajan.
5:53 of 3rd period - Stopped by Martin Gerber without a rebound.
5:54 of 3rd period - Jordan Staal wins face-off versus Mats Sundin in Lightning zone.
5:54 of 3rd period - Jordan Staal is hit by Jaromir Jagr.
5:56 of 3rd period - Shot by Brenden Morrow.
5:56 of 3rd period - Shot Blocked by Chris Phillips.
6:33 of 3rd period - Minor Penalty to Chris Phillips for Roughing.
6:34 of 3rd period - Jordan Staal wins face-off versus Eric Lindros in Lightning zone.
6:46 of 3rd period - Icing by Jordan Staal.
6:47 of 3rd period - Jordan Staal wins face-off versus Tim Taylor in MapleLeafs zone.
8:09 of 3rd period - Minor Penalty to Eric Lindros for Hooking.
8:10 of 3rd period - Jason Arnott wins face-off versus Vincent Lecavalier in Lightning zone.
8:19 of 3rd period - Shot by Jason Arnott.
8:19 of 3rd period - Stopped by Martin Gerber without a rebound.
8:20 of 3rd period - Jason Arnott wins face-off versus Vincent Lecavalier in Lightning zone.
8:23 of 3rd period - Shot by Paul Ranger.
8:23 of 3rd period - Stopped by Martin Gerber with a rebound.
9:10 of 3rd period - Icing by Jeff O'Neill.
9:11 of 3rd period - Matt Stajan wins face-off versus Tim Taylor in MapleLeafs zone.
9:11 of 3rd period - Matt Stajan is hit by Tom Poti.
9:23 of 3rd period - Shot by Joni Pitkanen.
9:23 of 3rd period - Stopped by Martin Gerber without a rebound.
9:24 of 3rd period - Jordan Staal wins face-off versus Vincent Lecavalier in Lightning zone.
9:31 of 3rd period - Shot by Andreas Lilja.
9:31 of 3rd period - Shot Blocked by Cory Sarich.
9:35 of 3rd period - Shot by Jordan Staal.
9:35 of 3rd period - Stopped by Martin Gerber without a rebound.
9:36 of 3rd period - Tim Taylor wins face-off versus Jason Arnott in Lightning zone.
9:42 of 3rd period - Icing by Joni Pitkanen.
9:43 of 3rd period - Tim Taylor wins face-off versus Jason Arnott in MapleLeafs zone.
10:51 of 3rd period - Off-side.
10:52 of 3rd period - Jordan Staal wins face-off versus Tim Taylor in neutral zone.
11:04 of 3rd period - Icing by Tim Taylor.
11:05 of 3rd period - Tim Taylor wins face-off versus Michael Peca in Lightning zone.
11:59 of 3rd period - Icing by Tom Poti.
12:00 of 3rd period - Matt Stajan wins face-off versus Mats Sundin in Lightning zone.
12:30 of 3rd period - Shot by Mats Sundin.
12:30 of 3rd period - Stopped by Andrew Raycroft without a rebound.
12:31 of 3rd period - Jordan Staal wins face-off versus Eric Lindros in MapleLeafs zone.
12:31 of 3rd period - Jordan Staal is hit by Vincent Lecavalier.
13:38 of 3rd period - Minor Penalty to Alexander Steen for Tripping.
13:39 of 3rd period - Mats Sundin wins face-off versus Matt Stajan in Lightning zone.
13:45 of 3rd period - Off-side.
13:46 of 3rd period - Mats Sundin wins face-off versus Michael Peca in neutral zone.
13:56 of 3rd period - Icing by Tom Poti.
13:57 of 3rd period - Mats Sundin wins face-off versus Matt Stajan in Lightning zone.
14:01 of 3rd period - Brad Richards is hit by Chad Kilger and loses puck.
14:51 of 3rd period - Eric Lindros is hit by Matt Stajan and loses puck.
15:22 of 3rd period - Shot by Jaromir Jagr.
15:22 of 3rd period - Goal by Jaromir Jagr - Lightning : 5 - MapleLeafs : 3.
15:23 of 3rd period - Jordan Staal wins face-off versus Tim Taylor in neutral zone.
16:21 of 3rd period - Brenden Morrow is hit by Brad Richards and loses puck.
16:27 of 3rd period - Icing by Joni Pitkanen.
16:28 of 3rd period - Eric Lindros wins face-off versus Jordan Staal in MapleLeafs zone.
16:38 of 3rd period - Off-side.
16:39 of 3rd period - Eric Lindros wins face-off versus Jason Arnott in neutral zone.
16:42 of 3rd period - Shot by Vincent Lecavalier.
16:42 of 3rd period - Deflect By Eric Lindros.
16:42 of 3rd period - Shot Misses the Net.
16:51 of 3rd period - Icing by Ed Jovanovski.
16:52 of 3rd period - Jason Arnott wins face-off versus Eric Lindros in Lightning zone.
16:57 of 3rd period - Shot by Jason Arnott.
16:57 of 3rd period - Goal by Jason Arnott - Lightning : 5 - MapleLeafs : 4.
16:58 of 3rd period - Mats Sundin wins face-off versus Michael Peca in neutral zone.
18:53 of 3rd period - Shot by Brenden Morrow.
18:53 of 3rd period - Shot Misses the Net.
19:12 of 3rd period - Icing by Ian White.
19:13 of 3rd period - Brenden Morrow wins face-off versus Vaclav Prospal in MapleLeafs zone.
19:18 of 3rd period - MapleLeafs, Andrew Raycroft is pulled from the net.


Output by the SimonT Hockey Simulator (STHS) for Stephane Roy -- Original Page W3C XHTML 1.0 Valid